 Dungeon Crawl Stone Soup version 0.23.2-40-g277498a001 (webtiles) character file.

Game seed: 3915320488387274420

12845 KamiKatze the Spear-Bearer (level 11, -2/90 HPs)
             Began as a Merfolk Berserker on Oct 16, 2019.
             Was a High Priest of Trog.
             Slain by a two-headed ogre
             ... wielding a +0 giant spiked club
              (5 damage)
             ... on level 13 of the Dungeon on Oct 17, 2019.
             The game lasted 00:40:40 (10603 turns).

KamiKatze the Spear-Bearer (Merfolk Berserker)     Turns: 10603, Time: 00:40:41

Health: -2/90      AC: 10    Str: 25    XL:     11   Next: 99%
Magic:  11/11      EV: 16    Int:  6    God:    Trog [*****.]
Gold:   628        SH:  6    Dex: 13    Spells: 10/10 levels left

rFire    . . .     SeeInvis .   a - +3 spear (venom)
rCold    . . .     Gourm    .   k - +0 buckler (curse)
rNeg     . . .     Faith    .   i - +0 scale mail
rPois    .         Spirit   .   (no helmet)
rElec    .         Reflect  .   H - +0 cloak
rCorr    .         Harm     .   P - +0 pair of gloves {Str+3}
MR       .....                  (no boots)
Stlth    +.........             A - amulet of regeneration
HPRegen  0.65/turn              F - ring of stealth (curse)
MPRegen  0.12/turn              (no ring)

@: marked
A: change form in water, swift swim, stealthy swim
a: Berserk, Trog's Hand, Brothers in Arms, Renounce Religion


You were on level 13 of the Dungeon.
You worshipped Trog.
Trog was extremely pleased with you.
You were not hungry.

You visited 2 branches of the dungeon, and saw 13 of its levels.
You also visited: Bailey.

You collected 628 gold pieces.

Inventory:

Hand Weapons
 a - a +3 spear of venom (weapon)
 d - a +0 blowgun
 t - a +0 spear
 w - a +4 spear of piercing
 x - a +0 trident
Missiles
 b - 41 poisoned needles
 e - 313 stones (quivered)
 o - 42 tomahawks of returning
 S - 7 needles of sleeping
Armour
 h - a +0 chain mail
 i - a +0 scale mail (worn)
 k - a cursed +0 buckler (worn)
 D - a +0 crystal plate armour
 H - a +0 cloak (worn)
 I - a +1 shield
 L - a +2 chain mail of fire resistance
 P - a +0 pair of gloves of strength (worn)
 Q - a scarf of resistance
Jewellery
 A - an amulet of regeneration (around neck)
 F - a cursed ring of stealth (left hand)
Wands
 E - a wand of acid (11)
 J - a wand of paralysis (16)
 N - a wand of polymorph (10)
Scrolls
 f - 6 scrolls of remove curse
 g - 2 scrolls of enchant armour
 n - 3 scrolls of blinking
 q - 3 scrolls of enchant weapon
 r - 3 scrolls of fog
 u - 5 scrolls of teleportation
 B - a scroll of fear
 G - a scroll of identify
 M - a scroll of random uselessness {unknown}
 O - 2 scrolls of noise {unknown}
 R - a scroll of immolation
Potions
 j - 4 potions of resistance
 l - 2 potions of invisibility
 m - 2 potions of berserk rage
 p - 6 potions of curing
 s - 4 potions of brilliance
 v - a potion of agility
 z - 2 potions of might
 C - 2 potions of heal wounds
 K - 2 potions of haste
 U - a potion of mutation
Comestibles
 c - 20 rations
 T - a chunk of flesh


   Skills:
 + Level 9.9 Fighting
 - Level 14.0 Polearms
 + Level 5.8 Armour
 + Level 10.0 Dodging
 * Level 9.1 Shields


You had 10 spell levels left.
You didn't know any spells.
Your spell library was empty.

Dungeon Overview and Level Annotations

Branches:
Dungeon (13/15)            Temple (1/1) D:6            Lair (0/6) D:9
    Orc: D:9-12      Vaults: D:13-14

Altars:
Ashenzari
Cheibriados
Dithmenos
Elyvilon
Fedhas
Gozag
Hepliaklqana
Kikubaaqudgha
Makhleb
Nemelex Xobeh
Okawaru
Qazlal
Ru
Sif Muna
Trog
Uskayaw
Vehumet
Wu Jian
Xom
Yredelemnul
Zin
The Shining One

Shops:
D:6 %   D:10 *

Annotations:
D:9 1 runed translucent door, bildradio's ghost, novice MiBe


Message History

A vampire mosquito comes into view.
The two-headed ogre hits you with a +0 giant spiked club!
* * * LOW HITPOINT WARNING * * *
You hear an angry buzzing noise.
The two-headed ogre hits you with a +0 giant spiked club.
* * * LOW HITPOINT WARNING * * *
You hit the two-headed ogre but do no damage.
The two-headed ogre is severely wounded.
You puncture the two-headed ogre!
The two-headed ogre looks as sick as possible!
The two-headed ogre is severely wounded.
A vampire mosquito comes into view.
You hit the two-headed ogre.
The two-headed ogre looks as sick as possible!
The two-headed ogre is almost dead.
A vampire mosquito comes into view.
The two-headed ogre hits you with a +0 giant spiked club!!
* * * LOW HITPOINT WARNING * * *
The two-headed ogre hits you with a +0 giant spiked club.
You die...

#.# ..^# #. #...
.... .. ####
....###..##. ..#
........... .. ###.
........ . ####.
....#.#.....###y.y
.....
........#...........
#... ........#...@.#
#... ..!.....#....O#
.. ##...
........#.....# ..
#....
.....)#...##..# .
..... #....#...##..#
# #?.....
#........##..# ..
.#....
#####.....#..#..#
..###
#..........####
#...#
###.....$.......
#.#..


You could see a two-headed ogre and 2 vampire mosquitoes.

Vanquished Creatures
  An orc warlord (Bailey)
  Harold (D:7)
  2 hydras
  An unseen horror (D:13)
  An orc knight (Bailey)
  An ugly thing (D:8)
  A cyclops (D:13)
  Psyche (D:9)
  A gargoyle (D:13)
  A troll (D:13)
  Prince Ribbit (D:9)
  2 dream sheep (D:8)
  A hippogriff (D:8)
  Sigmund (D:2)
  2 wyverns
  6 yaks
  Eustachio (D:6)
  Edmund (D:4)
  6 orc warriors
  2 ice beasts
  2 sky beasts (D:8)
  A hornet zombie (D:9)
  5 ogres
  7 centaurs
  5 big kobolds
  A gnoll sergeant (D:6)
  5 bullfrogs
  A wyvern skeleton (D:13)
  3 scorpions
  6 killer bees
  A water moccasin skeleton (D:8)
  3 wights (D:9)
  A bullfrog zombie (D:6)
  4 crimson imps
  A quasit (D:7)
  Crazy Yiuf (D:5)
  A centaur zombie (D:9)
  3 jellies
  7 orc priests
  2 hounds
  A bullfrog skeleton (D:9)
  Terence (D:2)
  An iguana (D:7)
  9 orc wizards
  2 worker ants
  A killer bee zombie (D:8)
  A worker ant zombie (D:5)
  11 gnolls
  7 adders
  A white imp (D:7)
  3 oozes
  2 adder skeletons
  An adder zombie (D:7)
  3 worms
  2 dart slugs
  4 leopard geckos
  41 orcs
  3 giant cockroaches
  9 hobgoblins
  9 jackals
  6 quokkas
  3 ball pythons
  12 bats
  7 frilled lizards
  14 goblins
  28 kobolds
  A leopard gecko skeleton (D:5)
  A leopard gecko zombie (D:6)
  10 rats
288 creatures vanquished.

Notes
Turn   | Place    | Note
-------+----------+-------------------------------------------
     0 | D:1      | KamiKatze the Merfolk Berserker began the quest for the
                  | Orb.
     0 | D:1      | Reached XP level 1. HP: 18/18 MP: 1/1
   302 | D:1      | Reached skill level 5 in Polearms
   302 | D:1      | Reached XP level 2. HP: 15/24 MP: 2/2
   674 | D:1      | Reached XP level 3. HP: 29/30 MP: 3/3
  1117 | D:2      | Reached ** piety under Trog
  1146 | D:2      | Found a sparkling altar of Nemelex Xobeh.
  1157 | D:2      | Reached skill level 6 in Polearms
  1293 | D:2      | Reached XP level 4. HP: 19/37 MP: 4/4
  1558 | D:2      | Noticed Sigmund
  1568 | D:2      | Killed Sigmund
  1568 | D:2      | Reached skill level 8 in Polearms
  1568 | D:2      | Reached XP level 5. HP: 43/43 MP: 5/5
  1691 | D:2      | Reached XP level 6. HP: 50/50 MP: 6/6
  1745 | D:2      | Noticed Terence
  1799 | D:2      | Killed Terence
  1841 | D:2      | Reached skill level 5 in Fighting
  3016 | D:3      | Found a glowing golden altar of the Shining One.
  3016 | D:3      | Found an iron altar of Okawaru.
  3098 | D:4      | Reached skill level 9 in Polearms
  3176 | D:4      | Reached XP level 7. HP: 12/56 MP: 7/7
  3402 | D:4      | Reached *** piety under Trog
  3978 | D:4      | Noticed Edmund
  4011 | D:4      | Killed Edmund
  4011 | D:4      | Reached skill level 10 in Polearms
  4442 | D:5      | Entered Level 5 of the Dungeon
  4685 | D:5      | Reached XP level 8. HP: 62/64 MP: 8/8
  5013 | D:5      | Reached skill level 11 in Polearms
  5169 | D:5      | Found a runed translucent door.
  5170 | D:5      | Noticed Crazy Yiuf
  5181 | D:5      | Killed Crazy Yiuf
  5328 | D:6      | Found a sacrificial altar of Ru.
  5409 | D:6      | Found a staircase to the Ecumenical Temple.
  5418 | Temple   | Entered the Ecumenical Temple
  5497 | D:6      | Found Dosefav's Food Emporium.
  5520 | D:6      | Reached **** piety under Trog
  5520 | D:6      | Reached skill level 5 in Dodging
  5761 | D:6      | Reached XP level 9. HP: 55/71 MP: 9/9
  5764 | D:6      | Reached skill level 12 in Polearms
  5894 | D:6      | Found a basalt altar of Yredelemnul.
  5942 | D:6      | Noticed Eustachio
  5956 | D:6      | Killed Eustachio
  5956 | D:6      | Reached skill level 1 in Shields
  6053 | D:6      | Found a white marble altar of Elyvilon.
  6363 | D:7      | Found an opulent altar of Gozag.
  6473 | D:7      | Noticed Harold
  6510 | D:7      | Killed Harold
  6957 | D:7      | Found a stormy altar of Qazlal.
  6963 | D:7      | Found a snail-covered altar of Cheibriados.
  6964 | D:7      | Found a shattered altar of Ashenzari.
  6965 | D:7      | Found a burning altar of Makhleb.
  6967 | D:7      | Found an ancient bone altar of Kikubaaqudgha.
  7147 | D:7      | Reached skill level 13 in Polearms
  7636 | D:8      | Reached XP level 10. HP: 70/80 MP: 10/10
  7668 | D:8      | Found a flagged portal.
  7699 | Bailey   | Entered a bailey
  7714 | Bailey   | Noticed an orc warlord
  7821 | Bailey   | Noticed an orc knight
  7842 | Bailey   | Reached ***** piety under Trog
  7859 | Bailey   | Killed an orc knight
  7995 | Bailey   | Found a runed translucent gate.
  8000 | Bailey   | Found a runed translucent gate.
  8001 | Bailey   | Found a runed translucent gate.
  8083 | Bailey   | Killed an orc warlord
  8083 | Bailey   | Reached skill level 5 in Shields
  8119 | Bailey   | Reached skill level 14 in Polearms
  8456 | D:8      | Noticed a two-headed hydra
  8491 | D:8      | Killed a two-headed hydra
  8491 | D:8      | Reached XP level 11. HP: 73/87 MP: 11/11
  8656 | D:8      | Identified 2 scrolls of acquirement
  9012 | D:8      | Reached skill level 5 in Armour
  9031 | D:8      | Noticed a cyan ugly thing
  9058 | D:8      | Killed a cyan ugly thing
  9146 | D:8      | Received a gift from Trog
  9364 | D:9      | Found a staircase to the Lair.
  9602 | D:9      | Found an ornate altar of the Wu Jian Council.
  9644 | D:9      | Found a runed translucent door.
  9649 | D:9      | Found a shimmering altar of Xom.
  9649 | D:9      | Noticed bildradio's ghost (novice MiBe)
  9649 | D:9      | Noticed a +6 dire flail of chaos
  9675 | D:9      | Noticed Prince Ribbit
  9707 | D:9      | Killed Prince Ribbit
  9891 | D:9      | Noticed Psyche
  9907 | D:9      | Killed Psyche
  9935 | D:10     | Entered Level 10 of the Dungeon
 10003 | D:10     | Found Fyulet's General Store.
 10243 | D:10     | You fall through a shaft for 3 floors!
 10244 | D:13     | Noticed a manticore
 10284 | D:13     | Noticed a cyclops
 10309 | D:13     | Killed a cyclops
 10396 | D:13     | Killed an unseen horror
 10511 | D:12     | Noticed a seven-headed hydra
 10518 | D:12     | Killed a seven-headed hydra
 10580 | D:12     | Reached skill level 10 in Dodging
 10581 | D:12     | Noticed a two-headed ogre
 10603 | D:13     | HP: 3/90 [two-headed ogre/+0 giant spiked club (18)]
 10603 | D:13     | Slain by a two-headed ogre

Skill      XL: |  1  2  3  4  5  6  7  8  9 10 11 |
---------------+----------------------------------+-----
Polearms       | 5 6 8 9 10 11 13 14 | 14.0
Fighting       | 4 5 6 7 8 9 |  9.9
Dodging        | 3 5 6 8 10 | 10.0
Armour         | 2 3 4 5 |  5.8
Shields        | 4 6 9 |  9.1

Action                   |  1- 3 |  4- 6 |  7- 9 | 10-12 || total
-------------------------+-------+-------+-------+-------++-------
Melee: Spear             |   182 |   200 |   399 |   628 ||  1409
       Trident           |       |       |    23 |       ||    23
       Tailslap          |       |       |       |     6 ||     6
Throw: Stone             |     2 |       |     3 |     2 ||     7
Invok: Berserk           |       |     2 |     3 |     2 ||     7
       Trog's Hand       |       |     1 |     1 |     3 ||     5
  Use: Scroll            |       |     4 |    13 |     6 ||    23
       Potion            |       |     1 |       |       ||     1
 Stab: Sleeping          |       |       |       |     1 ||     1
  Eat: Chunk             |     1 |     7 |    13 |    11 ||    32
       Ration            |       |       |     2 |       ||     2
Armor: Animal skin       |    22 |     5 |       |       ||    27
       Ring mail         |       |    13 |     2 |       ||    15
       Scale mail        |       |       |    44 |    62 ||   106
Dodge: Dodged            |    94 |    54 |   119 |   221 ||   488
Block: Buckler           |       |       |       |    35 ||    35
